 Dungeon Crawl Stone Soup version 0.28-a0-1212-gc6b4282bc0 (webtiles) character file.

Game seed: 8758619214444670594

10755 ChaosChampion the Martial Artist (level 11, -23/91 HPs)
             Began as a Green Draconian Transmuter on Dec 21, 2021.
             Was a Priest of Okawaru.
             Annihilated by a white ugly thing (31 damage)
             ... on level 12 of the Dungeon.
             The game lasted 00:21:16 (16410 turns).

ChaosChampion the Martial Artist (DrTm)            Turns: 16410, Time: 00:21:16

Health: -23/91     AC:  6    Str: 12    XL:     11   Next: 40%
Magic:  19/19      EV: 22    Int: 18    God:    Okawaru [***...]
Gold:   657        SH:  0    Dex: 17    Spells: 8/21 levels left

rFire   . . .      SeeInvis .     - Unarmed
rCold   . . .      Faith    .   (shield currently unavailable)
rNeg    . . .      Spirit   .   (armour unavailable)
rPois   x          Reflect  .   (helmet currently unavailable)
rElec   .          Harm     .   (cloak currently unavailable)
rCorr   .          Rampage  .   (gloves currently unavailable)
Will    .....                   (boots currently unavailable)
Stlth   ++........              K - amulet of magic regeneration
HPRegen 0.25/turn               h - +4 ring of protection
MPRegen 0.56/turn               g - +4 ring of slaying

@: spider-form
A: venomous fangs, (breathe noxious fumes), AC +7, tiny, unfitting armour,
(poison resistance), (cold-blooded)
a: End Transformation, Renounce Religion, Heroism


You were on level 12 of the Dungeon.
You worshipped Okawaru.
Okawaru was most pleased with you.
You were a venomous arachnid creature.
You visited 2 branches of the dungeon, and saw 13 of its levels.

You collected 657 gold pieces.

Inventory:

Missiles
 e - 28 poisoned darts
Magical Staves
 N - a staff of poison (melded)
Jewellery
 f - a ring of fire
 g - a +4 ring of slaying (right front leg)
 h - a +4 ring of protection (left front leg)
 o - a +6 ring of strength
 s - a +6 ring of dexterity
 u - a +4 ring of evasion
 y - a +6 ring of strength
 D - a ring of wizardry
 K - an amulet of magic regeneration (around neck)
Wands
 n - a wand of mindburst (5)
 w - a wand of flame (33)
 z - a wand of digging (18)
 A - a wand of polymorph (8)
 C - a wand of iceblast (10)
 P - a wand of acid (3)
Scrolls
 a - 4 scrolls of magic mapping
 i - 2 scrolls of blinking
 l - 5 scrolls of teleportation
 q - 4 scrolls of noise {unknown}
 r - 3 scrolls of enchant armour {unknown}
 t - 4 scrolls of amnesia {unknown}
 v - a scroll of holy word {unknown}
 B - a scroll of acquirement {unknown}
 E - a scroll of summoning {unknown}
 F - 4 scrolls of identify
 L - a scroll of enchant weapon {unknown}
Potions
 b - 4 potions of lignification
 c - 4 potions of attraction
 d - a potion of magic
 j - 2 potions of invisibility
 k - a potion of ambrosia {unknown}
 m - 2 potions of flight
 p - 3 potions of mutation {unknown}
 x - 2 potions of heal wounds {unknown}
 G - a potion of resistance {unknown}
 H - 2 potions of brilliance {unknown}
 I - a potion of berserk rage {unknown}
 J - 2 potions of curing
 M - a potion of degeneration {unknown}
 O - a potion of haste {unknown}


   Skills:
 + Level 6.6 Fighting
 - Level 5.0 Dodging
 * Level 11.1 Unarmed Combat
 + Level 5.8 Spellcasting
 + Level 7.7 Transmutations
 + Level 9.5 Poison Magic


You had 8 spell levels left.
You knew the following spells:

 Your Spells              Type           Power      Damage    Failure   Level
a - Beastly Appendage     Tmut           66%        N/A       3%          1
b - Wereblood             Tmut           33%        N/A       4%          2
c - Spider Form           Tmut/Pois      36%        N/A       5%          3
d - Ignite Poison         Fire/Tmut/Pois 26%        N/A       12%         3
x - Ice Form              Ice/Tmut       19%        N/A       47%         4

Your spell library contained the following spells:

 Spells                   Type           Power      Damage    Failure   Level
 Ensorcelled Hibernation  Hex/Ice        10%        N/A       38%         2
 Petrify                  Tmut/Erth      19%        N/A       47%         4
 Gell's Gravitas          Tloc           5%         N/A       58%         3
 Inner Flame              Hex/Fire       5%         N/A       58%         3
 Teleport Other           Tloc           5%         N/A       58%         3
 Eringya's Noxious Bog    Tmut/Pois      18%        N/A       69%         6
 Irradiate                Conj/Tmut      9%         3d16      77%         5
 Cause Fear               Hex            2%         N/A       90%         4
 Metabolic Englaciation   Hex/Ice        2%         N/A       99%         5
 Statue Form              Tmut/Erth      12%        N/A       99%         6
 Dispersal                Tloc           2%         N/A       100%        6
 Discord                  Hex            2%         N/A       100%        8
 Summon Lightning Spire   Summ/Air       Unusable   N/A       N/A         4
 Summon Forest            Summ/Tloc      Unusable   N/A       N/A         5
 Summon Hydra             Summ           Unusable   N/A       N/A         7

Dungeon Overview and Level Annotations

Branches:
Dungeon (12/15)            Temple (1/1) D:4            Lair (0/6) D:10
    Orc: D:9-12

Altars:
Ashenzari
Cheibriados
Dithmenos
Elyvilon
Fedhas
Gozag
Hepliaklqana
Kikubaaqudgha
Makhleb
Nemelex Xobeh
Okawaru
Qazlal
Ru
Sif Muna
Trog
Uskayaw
Vehumet
Wu Jian
Xom
Yredelemnul
Zin
The Shining One


Innate Abilities, Weirdness & Mutations

You are a venomous arachnid creature.
You have poisonous fangs.
You are tiny and dextrous.
Your spellcasting is less reliable in this form.
Your armour is entirely melded.
You are incapable of wielding weapons or throwing items.
((You can breathe blasts of noxious fumes.))
((Your lurid green scales are hard. (AC +7)))
You cannot fit into any form of body armour.
((Your system is resistant to poisons. (rPois)))
((You are cold-blooded and may be slowed by cold attacks.))


Message History

There is a stone staircase leading down here.
Found a stone staircase leading up.
F - 4 scrolls of identify (gained 1)
You open the door.
There is an open door here.
There is a stone staircase leading up here.
There is a stone staircase leading up here.
Key pressed, stopping explore.
There is an open door here.
A white ugly thing comes into view.
There is an open door here.
A white ugly thing is nearby!
A white ugly thing is nearby!
A white ugly thing is nearby!
Press: ? - help, v - describe, . - travel
Here: a white ugly thing (wandering, hasn't noticed you)
The floor, spattered with blood.
You start putting on your amulet.
You continue putting on your amulet of magic regeneration.
The white ugly thing gurgles horribly!
You continue putting on your amulet of magic regeneration. x4
You finish putting on your amulet of magic regeneration.
K - an amulet of magic regeneration (around neck)
Casting: Spider Form (safe; 1% risk of failure)
Confirm with . or Enter, or press ? or * to list all spells.
You feel a surge of power!
You turn into a venomous arachnid creature.
Your staff of poison melds into your body.
The white ugly thing stings you! The white ugly thing freezes you!!
You bite the white ugly thing!
The white ugly thing is poisoned.
The white ugly thing is lightly wounded.
The white ugly thing stings you! The white ugly thing freezes you!!
* * * LOW HITPOINT WARNING * * *
The white ugly thing completely misses you.
There is an open door here.
Okay, then.
The white ugly thing stings you.
* * * LOW HITPOINT WARNING * * *
The white ugly thing freezes you!!
You die...

###...# #.#### #...###
#....# ##'##### #####'###
#......###### #.......#
#>.....+....####.......##
#......##.#.#.#.#.#.#.#.##
###......#.........(.......#
#.'......##.#.#.#u#.#.#.#.##
..#......#......s..........#
###......##.#.#.#.#.#.#.#.##
#####+##....<............#
#...#.#.#.#.#.#.#.#.##
########.####.###...###
#.........# #.###.###
#.#######.# #.....# #
#.#.......# ####.## ##
#.#######.# #.#


You could see a white ugly thing (very poisoned).

Vanquished Creatures
  A hydra (D:11)
  A two-headed ogre (D:12)
  A deep elf pyromancer (D:12)
  Joseph (D:8)
  A gargoyle (D:10)
  A kobold demonologist (D:11)
  An unseen horror (D:12)
  2 trolls
  A hornet (D:8)
  A raiju (shapeshifter) (D:9)
  3 wyverns (D:9)
  9 yaks (D:11)
  A wraith (D:12)
  Eustachio (D:6)
  A steam dragon (D:8)
  Edmund (D:4)
  A swamp worm (D:7)
  A water moccasin (D:7)
  Duvessa (D:5)
  6 orc warriors
  2 sky beasts
  2 black bears
  An ogre (D:5)
  3 centaurs
  8 bullfrogs
  A gnoll sergeant (D:8)
  2 scorpions
  2 water moccasin zombies (D:6)
  Dowan (D:5)
  A water moccasin skeleton (D:7)
  6 killer bees (D:10)
  8 wights
  6 centaur zombies
  A bullfrog zombie (D:5)
  2 jellies
  3 orc priests
  2 hounds
  A bullfrog skeleton (D:7)
  4 iguanas
  9 orc wizards
  Terence (D:3)
  A howler monkey zombie (D:9)
  Robin (D:2)
  3 gnolls (D:8)
  5 adders
  3 shadow imps
  3 white imps
  2 ufetubi
  An adder zombie (D:5)
  2 dart slugs
  18 orcs
  7 ball pythons
  8 endoplasms
  2 giant cockroaches
  10 goblins
  8 hobgoblins
  3 jackals (D:2)
  8 kobolds
  A quokka (D:3)
  14 bats
  3 frilled lizards
  7 rats
212 creatures vanquished.

Vanquished Creatures (others)
  A kraken (D:1)
  A demonspawn (D:1)
  A draconian (D:1)
  An octopode (D:1)
  An elf (D:1)
  A merfolk (D:1)
  A spriggan (D:1)
  A vampire (D:1)
  A human (D:1)
  A naga (D:1)
  A demigod (D:1)
  A dwarf (D:1)
  A gnoll (D:1)
  21 fungi (D:10)
  22 plants
  7 tentacles (D:1)
63 creatures vanquished.

Grand Total: 275 creatures vanquished

Notes
Turn   | Place    | Note
-------+----------+-------------------------------------------
     0 | D:1      | ChaosChampion the Draconian Transmuter began the quest for
                  | the Orb.
     0 | D:1      | Reached XP level 1. HP: 16/16 MP: 3/3
     2 | D:1      | Noticed a draconian
     2 | D:1      | Noticed a human
     2 | D:1      | Noticed a ghoul
     2 | D:1      | Noticed a spriggan
     2 | D:1      | Noticed a naga
     2 | D:1      | Noticed an octopode
     2 | D:1      | Noticed a dwarf
     2 | D:1      | Noticed a kraken
     2 | D:1      | Noticed a demigod
     2 | D:1      | Noticed a demonspawn
     2 | D:1      | Noticed an elf
     2 | D:1      | Noticed a naga
     2 | D:1      | Noticed a ghoul
     2 | D:1      | Noticed a vampire
     2 | D:1      | Noticed a merfolk
     4 | D:1      | Killed a demigod
     5 | D:1      | Killed an octopode
     5 | D:1      | Killed a vampire
     7 | D:1      | Killed a dwarf
     9 | D:1      | Killed an elf
    12 | D:1      | Killed a naga
    12 | D:1      | Killed a merfolk
    13 | D:1      | Killed a demonspawn
    13 | D:1      | Killed a spriggan
    15 | D:1      | Killed a human
    16 | D:1      | Killed a draconian
    16 | D:1      | Killed a kraken
   218 | D:1      | Reached XP level 2. HP: 18/23 MP: 5/5
   619 | D:1      | Learned a level 2 spell: Wereblood
   662 | D:1      | Found a faded altar of an unknown god.
  1156 | D:2      | Reached XP level 3. HP: 28/28 MP: 2/6
  1209 | D:2      | Noticed Robin
  1221 | D:2      | Reached skill level 4 in Unarmed Combat
  1230 | D:2      | Killed Robin
  1480 | D:2      | Reached XP level 4. HP: 35/35 MP: 4/7
  2010 | D:3      | Noticed Terence
  2227 | D:3      | Killed Terence
  3016 | D:3      | Reached skill level 5 in Unarmed Combat
  3016 | D:3      | Reached XP level 5. HP: 37/40 MP: 6/8
  3729 | D:4      | Found a staircase to the Ecumenical Temple.
  3734 | D:4      | Got the Tome of Triumph
  3737 | Temple   | Entered the Ecumenical Temple
  3958 | D:4      | Noticed Edmund
  4302 | D:4      | Reached XP level 6. HP: 35/47 MP: 9/9
  4447 | D:4      | Killed Edmund
  4448 | D:4      | Reached skill level 6 in Unarmed Combat
  4787 | D:5      | Entered Level 5 of the Dungeon
  4893 | D:5      | Your scales start taking on a lurid green colour.
  4893 | D:5      | Reached XP level 7. HP: 37/52 MP: 6/10
  4893 | D:5      | Gained mutation: Your system is resistant to poisons.
                  | (rPois) [Green Draconian growth]
  4899 | D:5      | Learned a level 3 spell: Spider Form
  4904 | D:5      | Learned a level 4 spell: Ice Form
  5139 | D:5      | Reached skill level 1 in Poison Magic
  5281 | D:5      | Noticed Duvessa
  5282 | D:5      | Noticed Dowan
  5293 | D:5      | Killed Duvessa
  5294 | D:5      | Reached skill level 7 in Unarmed Combat
  5296 | D:5      | Killed Dowan
  5877 | D:6      | Reached skill level 5 in Transmutations
  5881 | D:6      | Reached XP level 8. HP: 58/61 MP: 8/11
  6053 | D:6      | Noticed Eustachio
  6077 | D:6      | Killed Eustachio
  6835 | D:7      | Noticed a troll
  6841 | D:7      | Killed a troll
  6842 | D:7      | Reached skill level 8 in Unarmed Combat
  6849 | D:7      | Reached skill level 5 in Poison Magic
  6998 | D:7      | Found a shadowy altar of Dithmenos.
  7033 | D:7      | Found an ancient bone altar of Kikubaaqudgha.
  7087 | D:7      | Reached XP level 9. HP: 70/70 MP: 10/14
  8780 | D:8      | Found a hide-covered altar of Uskayaw.
  8933 | D:8      | Reached skill level 9 in Unarmed Combat
  9326 | D:8      | Noticed Joseph
  9344 | D:8      | Killed Joseph
  9924 | D:8      | Found a white marble altar of Elyvilon.
  9925 | D:8      | Found an iron altar of Okawaru.
  9930 | D:8      | Found a hazy altar of Hepliaklqana.
  9938 | D:8      | Became a worshipper of Warmaster Okawaru
 10244 | D:8      | Found a sacrificial altar of Ru.
 10496 | D:9      | Reached XP level 10. HP: 80/80 MP: 11/16
 10920 | D:9      | Reached skill level 5 in Fighting
 10922 | D:9      | Reached * piety under Okawaru
 11671 | D:10     | Entered Level 10 of the Dungeon
 12932 | D:10     | Found a staircase to the Lair.
 13116 | D:10     | Noticed a gargoyle
 13135 | D:10     | Killed a gargoyle
 13136 | D:10     | Reached skill level 10 in Unarmed Combat
 14066 | D:10     | Learned a level 3 spell: Ignite Poison
 14079 | D:11     | Noticed a five-headed hydra
 14098 | D:11     | Killed a five-headed hydra
 14098 | D:11     | Reached ** piety under Okawaru
 14099 | D:11     | Reached skill level 5 in Spellcasting
 14325 | D:11     | Reached skill level 5 in Dodging
 14512 | D:11     | Reached XP level 11. HP: 75/89 MP: 14/18
 15628 | D:12     | Noticed a deep elf pyromancer
 15639 | D:12     | Killed a deep elf pyromancer
 15639 | D:12     | Reached *** piety under Okawaru
 15792 | D:12     | Noticed a two-headed ogre
 15808 | D:12     | Killed a two-headed ogre
 15809 | D:12     | Reached skill level 11 in Unarmed Combat
 16393 | D:12     | Noticed a white ugly thing
 16410 | D:12     | Annihilated by a white ugly thing

Illustrated notes

Levels and vault maps discovered:
D:1:      nicolae_arrival_kraken_aquarium_b, layout_basic,
          hellmonk_ecumenical_altar_crossroads
D:2:      layout_loops_ring, minmay_pentomino_q2, uniq_robin
D:3:      layout_basic, nicolae_figureground_sparkle, uniq_terence
D:4:      layout_rooms, minmay_temple_entry_offerings, uniq_edmund
D:5:      layout_cave_pods, uniq_duvessa
D:6:      layout_rooms, uniq_eustachio
D:7:      layout_cave_pods, marbit_many_paths, mainiacjoe_overflow_brackets,
          st_stairs_1, minmay_tree_intersection, roderic_batcave, worms_lemuel
D:8:      layout_rooms, mainiacjoe_overflow_six_doors_small,
          hangedman_ru_absence, gammafunk_temple_overflow_forgotten, uniq_joseph
D:9:      layout_layer_cave
D:10:     layout_basic, grunt_lair_entry_orc_guard_hut, minmay_misc_feat_cross
D:11:     layout_grid_maze
D:12:     layout_roguey, hiddenorc1_lemuel, grunt_decor_arrowhead, st_stairs_12
Temple:   regret_index_temple_waves

Skill      XL: |  1  2  3  4  5  6  7  8  9 10 11 |
---------------+----------------------------------+-----
Unarmed Combat | 4 5 6 7 8 9 10 11 | 11.1
Transmutations | 3 4 5 6 7 |  7.7
Poison Magic   | 3 5 7 9 |  9.5
Dodging        | 2 3 4 5 |  5.0
Fighting       | 2 3 4 6 |  6.6
Spellcasting   | 3 4 5 |  5.8

Action                   |  1- 3 |  4- 6 |  7- 9 | 10-12 || total
-------------------------+-------+-------+-------+-------++-------
Melee: Unarmed           |   105 |   144 |   262 |   198 ||   709
       Tailslap          |    14 |    16 |    16 |     3 ||    49
       Kick              |     8 |    22 |    11 |     8 ||    49
       Headbutt          |     6 |    13 |    12 |     5 ||    36
       Punch             |       |     2 |     3 |     3 ||     8
       Staff             |       |       |       |    13 ||    13
 Cast: Beastly Appendage |     9 |    18 |    10 |     2 ||    39
       Wereblood         |     3 |    10 |    24 |    16 ||    53
       Spider Form       |       |       |    30 |    25 ||    55
       Ignite Poison     |       |       |       |     1 ||     1
 Abil: Breathe Noxious F |       |       |     2 |     2 ||     4
Evoke: Wand              |       |     3 |       |       ||     3
  Use: Scroll            |       |       |    10 |       ||    10
       Potion            |       |       |       |     2 ||     2
 Stab: Sleeping          |     1 |     1 |     1 |     1 ||     4
       Confused          |       |       |     1 |       ||     1
Armor: Skin              |    34 |    69 |    64 |    54 ||   221
Dodge: Dodged            |    61 |    78 |   231 |   219 ||   589

Table legend: (Time is in decaauts)
 A = Elapsed time spent in this place.
 B = Non-inter-level travel time spent in this place.
 C = Inter-level travel time spent in this place.
 D = Time resting spent in this place.
 E = Time spent auto-exploring this place.
 F = Levels seen in this place.
 G = Mean time per level.
                   A        B        C        D        E       F      G
               +--------+--------+--------+--------+--------+-----+--------+
         Total |  16339 |  15938 |    401 |   3077 |  10422 |  13 | 1256.8 |
       Dungeon |  16191 |  15790 |    401 |   3077 |  10331 |  12 | 1349.2 |
        Temple |    147 |    147 |      0 |      0 |     91 |   1 |  147.0 |
               +--------+--------+--------+--------+--------+-----+--------+

Top non-repeatable levels by time:
     D:7: 2436 daAuts
    D:10: 2298 daAuts
     D:9: 1529 daAuts
     D:2: 1476 daAuts
     D:5: 1424 daAuts
    D:11: 1386 daAuts
     D:8: 1214 daAuts
     D:3: 1213 daAuts
     D:1: 1025 daAuts
     D:4: 909 daAuts
    D:12: 793 daAuts
     D:6: 483 daAuts
  Temple: 147 daAuts
